 Dungeon Crawl Stone Soup version 0.29.1-4-g47bece8355 (webtiles) character file.

Game seed: 12855911558971151011

141 javelincjr the Magician (level 5, 0/37 HPs)
             Began as a Djinni Conjurer on Dec 9, 2022.
             Killed by divine providence
             ... invoked by an orc priest
              (11 damage)
             ... on level 4 of the Dungeon.
             The game lasted 00:12:01 (4023 turns).

javelincjr the Magician (Djinni Conjurer)           Turns: 4023, Time: 00:12:04

Health: 0/37       AC:  2    Str:  6    XL:     5   Next: 48%
Gold:   147        EV: 12    Int: 25    God:
                   SH:  0    Dex: 12

rFire   + + .      SeeInvis .   n - +0 sling "Giantbane" {vorpal, rPois Int+4}
rCold   x . .      Faith    .   (no shield)
rNeg    . . .      Spirit   .   a - +0 robe
rPois   ∞          Reflect  .   (no helmet)
rElec   .          Harm     .   (no cloak)
rCorr   .          Rampage  .   (no gloves)
Will    +....                   (boots unavailable)
Stlth   ++........              (no amulet)
HPRegen 0.12/turn               p - ring of willpower
MPRegen 0.00/turn               (no ring)

@: flying
A: sickness immunity, fire resistance 2, cold vulnerability 1, float, innate
caster, HP casting, extra vitality 1
a: no special abilities


You were on level 4 of the Dungeon.
You visited 1 branch of the dungeon, and saw 4 of its levels.

You collected 147 gold pieces.

Inventory:

Hand Weapons
 d - a +0 dagger
 e - a +1 dagger of holy wrath
 n - the +0 sling "Giantbane" (weapon) {vorpal, rPois Int+4}
   (You found it on level 3 of the Dungeon)

   Any ammunition fired from it inflicts extra damage upon your enemies.
   Int:       It affects your intelligence (+4).
   rPois:     It protects you from poison.
Missiles
 b - 16 stones
Armour
 a - a +0 robe (worn)
Jewellery
 p - a ring of willpower (left hand)
Wands
 m - a wand of paralysis (6)
Scrolls
 c - a scroll of butterflies {unknown}
 f - a scroll of noise
 g - a scroll of identify {unknown}
 k - a scroll of teleportation
Potions
 h - a potion of heal wounds
 i - a potion of flight {unknown}
 j - 2 potions of lignification
 l - a potion of curing


   Skills:
 + Level 1.1 Fighting
 + Level 0.9 Short Blades
 + Level 3.0 Dodging
 + Level 2.3 Stealth
 + Level 4.2 Spellcasting


You couldn't memorise any spells.
You knew the following spells:

 Your Spells              Type           Power      Damage    Failure   Level
a - Magic Dart            Conj           100%       1d8       1%          1
b - Searing Ray           Conj           52%        2d6       2%          2
c - Dazzling Flash        Conj/Hex       52%        N/A       4%          3
d - Fulminant Prism       Conj/Hex       13%        3d9       16%         4
e - Iskenderun's Mystic   Conj/Tloc      26%        2d7       16%         4
f - Necrotise             Necr           100%       1d9       1%          1
g - Static Discharge      Conj/Air       26%        3-7/arc   2%          2
Your spell library was empty.

Dungeon Overview and Level Annotations

Branches:
Dungeon (4/15)
 Temple: D:4-7

Altars:

Shops:
D:1 [


Innate Abilities, Weirdness & Mutations

You are immune to sickness and miasma.
You are immune to poison.
Your flesh is very heat resistant. (rF++)
You are vulnerable to cold. (rC-)
You float through the air rather than walking.
You learn spells naturally, not from books.
Your magical power is your life essence.
You have superior vitality. (+4 MHP)


Message History

n - the +0 sling "Giantbane" (weapon)
{vorpal, rPois Int+4}
Found a stone staircase leading up.
There is an escape hatch in the floor here.
Found 7 gold pieces.
You now have 147 gold pieces (gained 7).
Done exploring.
There is a stone staircase leading down here.
You fly downwards.
The orc priest shouts! x2; The orc shouts! x2; You hear a shout! x3
Found a scroll labelled ZUAGAPL XO WUI.
There is a stone staircase leading up here.
Casting: Searing Ray (safe; 2% risk of failure)
Confirm with . or Enter, or press ? or * to list all spells.
Aiming: Searing Ray (safe; 2% risk of failure)
Press: ? - help, Shift-Dir - straight line, f - orc priest
Aim: an orc priest, wielding a +0 falchion and wearing a +0 scale mail (82% to hit)
The searing ray hits the orc.
The orc is moderately wounded.
The searing ray hits the orc priest.
The orc priest is moderately wounded.
The searing ray hits the orc priest.
The orc priest is moderately wounded. (Press . to maintain the ray.)
The orc hits you with a +0 falchion.
The searing ray hits the orc!
You kill the orc!
The searing ray hits the orc priest!
The orc priest is almost dead.
The searing ray hits the orc priest.
The orc priest is moderately wounded.
The orc hits you but does no damage.
The orc priest invokes the aid of Beogh against you.
Beogh smites you!
The searing ray misses the orc priest.
The searing ray hits the orc priest.
The orc priest is heavily wounded.
The orc hits you with a +0 falchion!
* * * LOW HITPOINT WARNING * * *
The orc priest mumbles some strange prayers to Beogh against you.
Beogh smites you!
You die...

.. #. ?. #
.## #.# ..
... #. ..
#.####.##.#
.......@o#
.#######oo..#
.#.## .# .#
.# # .# .. ..


You could see 2 orc priests and an orc.

Vanquished Creatures
  A gnoll (D:1)
  5 adders
  3 worms
  2 dart slugs
  2 orcs
  5 bats
  9 endoplasms
  2 giant cockroaches (D:1)
  8 goblins
  10 hobgoblins
  3 quokkas
  5 ball pythons
  4 frilled lizards
  3 kobolds
  4 rats
66 creatures vanquished.

Vanquished Creatures (others)
  A plant (D:1)
1 creature vanquished.

Grand Total: 67 creatures vanquished

Notes
Turn   | Place    | Note
-------+----------+-------------------------------------------
     0 | D:1      | javelincjr the Djinni Conjurer began the quest for the Orb.
     0 | D:1      | javelincjr set off with the following spells memorised:
                  | Magic Dart, Searing Ray, Dazzling Flash, Fulminant Prism,
                  | Iskenderun's Mystic Blast.
     0 | D:1      | Reached XP level 1. HP: 15/15 MP: 0/0
   359 | D:1      | Reached XP level 2. HP: 16/21 MP: 0/0
   701 | D:1      | Found Tyatuhyo's Armour Boutique.
   782 | D:1      | Reached XP level 3. HP: 21/25 MP: 0/0
   782 | D:1      | Learned a level 1 spell: Necrotise
  1354 | D:1      | Found a faded altar of an unknown god.
  1909 | D:2      | Reached skill level 4 in Spellcasting
  1913 | D:2      | Reached XP level 4. HP: 26/31 MP: 0/0
  2244 | D:2      | Reached skill level 1 in Fighting
  3026 | D:3      | Reached XP level 5. HP: 24/37 MP: 0/0
  3026 | D:3      | Learned a level 2 spell: Static Discharge
  3921 | D:3      | Identified the +0 sling "Giantbane" {vorpal, rPois Int+4}
  4023 | D:4      | Killed from afar by an orc priest

Illustrated notes

Levels and vault maps discovered:
D:1:      lightli_iron_boxes, layout_basic, serial_shops,
          nicolae_shop_hallway_stairs, serial_glass, glass_columns_b,
          glass_columns_a, glass_columns_a, glass_columns_a, glass_columns_a,
          glass_columns_c, shapermc_ecumenical_altar_rom_forum
D:2:      layout_rooms
D:3:      layout_rooms
D:4:      minmay_angry_zag, layout_loops_corners, mainiacjoe_overflow_big_doors,
          hellmonk_ghost_happy_afterlife, minmay_cupped, uniq_pikel,
          uniq_crazy_yiuf_cottage, uniq_sigmund

Skill      XL: |  1  2  3  4  5 |
---------------+----------------+-----
Spellcasting   | 4 |  4.2
Fighting       | 1 |  1.1
Stealth        | 2 |  2.3
Dodging        | 3 |  3.0
Short Blades   | |  0.9

Action                   |  1- 3 |  4- 6 || total
-------------------------+-------+-------++-------
Melee: Dagger            |    69 |    54 ||   123
       Punch             |       |     1 ||     1
Throw: Stone             |     4 |     1 ||     5
 Cast: Magic Dart        |    14 |    17 ||    31
       Searing Ray       |     7 |    11 ||    18
  Use: Scroll            |       |     6 ||     6
       Potion            |       |     4 ||     4
 Stab: Sleeping          |     1 |     2 ||     3
Armor: Robe              |    11 |    13 ||    24
Dodge: Dodged            |    47 |    45 ||    92
